 Dungeon Crawl Stone Soup version 0.20.0-15-g7f486f2 (webtiles) character file.

68 zhorgal the Poker (level 4, -1/33 HPs)
             Began as a Merfolk Gladiator on June 10, 2017.
             Slain by Grinder (6 damage)
             ... on level 3 of the Dungeon.
             The game lasted 00:03:14 (1143 turns).

zhorgal the Poker (Merfolk Gladiator)               Turns: 1143, Time: 00:03:15

Health: -1/33      AC:  4    Str: 14    XL:     4   Next: 19%
Magic:  4/4        EV: 14    Int:  7    God:
Gold:   67         SH:  0    Dex: 16    Spells: 3/3 levels left

rFire    . . .     SeeInvis .   a - +0 trident
rCold    . . .     Gourm    .   (no shield)
rNeg     . . .     Faith    .   b - +0 leather armour
rPois    .         Spirit   .   c - +0 helmet
rElec    .         Reflect  .   (no cloak)
rCorr    .         Harm     .   (no gloves)
MR       .....                  (no boots)
Stlth    +.........             (no amulet)
Regen    0.2/turn               (no ring)
MPRegen  0.1/turn               (no ring)

@: no status effects
A: change form in water, swift swim, stealthy swim
a: no special abilities


You were on level 3 of the Dungeon.
You were not hungry.

You visited 1 branch of the dungeon, and saw 3 of its levels.

You collected 67 gold pieces.

Inventory:

Hand Weapons
 a - a +0 trident (weapon)
Missiles
 d - 3 throwing nets (quivered) {!f}
Armour
 b - a +0 leather armour (worn)
 c - a +0 helmet (worn)
Jewellery
 l - a cursed amulet of inaccuracy {unknown}
Scrolls
 e - a scroll of remove curse
 k - a scroll of amnesia {unknown}
 n - a scroll of teleportation {unknown}
Potions
 i - a potion of haste {unknown}
 m - 2 potions of lignification {unknown}
 o - a potion of heal wounds {unknown}
 p - 2 potions of curing {unknown}
Comestibles
 f - a bread ration
 g - a chunk of flesh
 h - 2 fruits
 j - a meat ration


   Skills:
 - Level 2.1 Fighting
 + Level 7.1 Polearms
 - Level 2.0 Throwing
 - Level 4.0 Dodging


You had 3 spell levels left.
You didn't know any spells.

Dungeon Overview and Level Annotations

Branches:
Dungeon (3/15)

Altars:

Annotations:
D:3 Grinder


Message History

Grinder closely misses you. The kobold hits you.
You puncture Grinder!
Grinder is moderately wounded.
Grinder gestures at you. Pain shoots through your body! The kobold misses you.
You hit Grinder.
Grinder is moderately wounded.
Grinder hits you.
* * * LOW HITPOINT WARNING * * *
The kobold hits you but does no damage.
Unknown command.
Unknown command.
Unknown command.
Unknown command.
As you read the scroll labeled TILEECVIORPH, it crumbles to dust.
You feel blessed for a moment.
It was a scroll of remove curse.
Grinder hits you.
* * * LOW HITPOINT WARNING * * *
You writhe in agony.
You die...

####..# #....##
#.#...########..#
#..........<...###
##....###.######.#
. #....#
#.###.<...## ##..
♣....♣ #.#..) ..#
..... ♣♣...♣
#.#.######.#?.....
♣♣.♣♣
#.......@KS.......
♣♣.
#......5##b.......
♣
###########.......
....... .......
#....). #.....
#....


You could see Grinder, an adder, a bat and a kobold.

Vanquished Creatures
  4 adders (D:2)
  A dart slug (D:1)
  A leopard gecko (D:1)
  2 bats
  3 giant cockroaches
  2 hobgoblins
  5 kobolds
  A quokka (D:2)
  A ball python (D:2)
  3 goblins (D:2)
  A quokka skeleton (D:2)
  9 rats
33 creatures vanquished.

Notes
Turn   | Place    | Note
-------+----------+-------------------------------------------
     0 | D:1      | zhorgal the Merfolk Gladiator began the quest for the Orb.
     0 | D:1      | Reached XP level 1. HP: 16/16 MP: 1/1
    71 | D:1      | Reached skill level 5 in Polearms
    78 | D:1      | Reached XP level 2. HP: 22/22 MP: 2/2
   186 | D:1      | You fall through a shaft!
   256 | D:2      | Reached skill level 6 in Polearms
   256 | D:2      | Reached XP level 3. HP: 27/27 MP: 3/3
   893 | D:2      | Reached skill level 7 in Polearms
   893 | D:2      | Reached XP level 4. HP: 21/33 MP: 4/4
  1119 | D:3      | Noticed Grinder
  1120 | D:3      | Paralysed by Grinder for 7 turns
  1143 | D:3      | Slain by Grinder

Skill      XL: |  1  2  3 |
---------------+----------+-----
Polearms       | 5 6 7 |  7.1
Fighting       | |  2.1
Throwing       | |  2.0
Dodging        | |  4.0

Action                   |  1- 3 |  4- 6 || total
-------------------------+-------+-------++-------
Melee: Trident           |    88 |    21 ||   109
Throw: Throwing net      |     1 |       ||     1
  Use: Scroll            |       |     1 ||     1
 Stab: Sleeping          |     2 |       ||     2
       Distracted        |     1 |       ||     1
  Eat: Chunk             |       |     1 ||     1
Armor: Leather armour    |    12 |    10 ||    22
Dodge: Dodged            |    41 |    16 ||    57
